 Dungeon Crawl Stone Soup version 0.30-a0-1082-g70414cbcbb (webtiles) character file.

Game seed: 1294652771150269133

561 NinjaNoafa the Caller (level 7, -1/30 HPs)
             Began as a Felid Summoner on Apr 16, 2023.
             Constricted to death by Edmund (6 damage)
             ... on level 5 of the Dungeon.
             The game lasted 00:17:36 (4001 turns).

NinjaNoafa the Caller (Felid Summoner)              Turns: 4001, Time: 00:17:36

Health: -1/30      AC:  2    Str: 10    XL:     7   Next: 9%
Magic:  5/17       EV: 14    Int: 25    God:
Gold:   255        SH:  0    Dex: 16    Spells: 9/18 levels left
                                        Lives:  0   Deaths: 2

rFire   . . .      SeeInvis +    (weapon unavailable)
rCold   . . .      Faith    .    (shield unavailable)
rNeg    . . .      Spirit   .    (body armour unavailable)
rPois   .          Reflect  .    (helmet unavailable)
rElec   .          Rampage  .    (cloak unavailable)
rCorr   .                        (gloves unavailable)
Will    +....                    (boots unavailable)
Stlth   +                        (no amulet)
HPRegen 0.25/turn                j - +6 ring of intelligence
MPRegen 0.15/turn                p - +6 ring of strength

@: grasped by roots, on berserk cooldown, slowed, constricted, very slow
A: very small, claws 1, fangs 3, see invisible, speed 1, shaggy fur 2, stealthy
paws, no weapons or thrown items, no armour, multi-lived
a: no special abilities


You were on level 5 of the Dungeon.
You visited 1 branch of the dungeon, and saw 5 of its levels.

You collected 255 gold pieces.

Inventory:

Jewellery
 j - a +6 ring of intelligence (left paw)
 p - a +6 ring of strength (right paw)
 r - a ring of willpower
Scrolls
 b - 2 scrolls of magic mapping
 c - 2 scrolls of teleportation
 e - a scroll of fear {unknown}
 i - 2 scrolls of poison {unknown}
 k - a scroll of brand weapon {unknown}
 l - 2 scrolls of vulnerability {unknown}
 m - a scroll of identify
 n - 2 scrolls of enchant armour {unknown}
 o - a scroll of torment {unknown}
Potions
 a - a potion of magic
 d - 2 potions of haste
 f - 2 potions of flight {unknown}
 g - 2 potions of mutation
 q - 2 potions of ambrosia {unknown}
 s - a potion of heal wounds {unknown}


   Skills:
 + Level 2.3 Fighting
 - Level 2.6 Dodging
 - Level 2.6 Stealth
 - Level 6.4 Spellcasting
 - Level 5.0 Hexes
 - Level 7.9 Summonings


You had 9 spell levels left.
You knew the following spells:

 Your Spells              Type           Power      Damage    Failure   Level
a - Summon Small Mammal   Summ           100%       N/A       1%          1
b - Call Imp              Summ           94%        N/A       1%          2
c - Call Canine Familiar  Summ           47%        N/A       1%          3
d - Summon Guardian Gole  Hex/Summ       40%        N/A       1%          3

Your spell library contained the following spells:

 Spells                   Type           Power      Damage    Failure   Level
 Ensorcelled Hibernation  Hex/Ice        40%        N/A       3%          2
 Inner Flame              Hex/Fire       20%        N/A       8%          3
 Passwall                 Tmut/Erth      6%         N/A       11%         2
 Summon Lightning Spire   Summ/Air       27%        N/A       14%         4
 Swiftness                Air            8%         N/A       22%         3
 Animate Dead             Necr           8%         N/A       56%         4
 Flame Wave               Conj/Fire      8%         2d5       56%         4
 Sticky Flame             Conj/Fire      8%         2d3       56%         4
 Borgnjor's Vile Clutch   Necr/Erth      4%         N/A       89%         5
 Death Channel            Necr           4%         N/A       100%        6


Dungeon Overview and Level Annotations

Branches:
Dungeon (5/15)
 Temple: D:4-7

Altars:
Fedhas
Hepliaklqana

Portals:
Sewer: D:5

Annotations:
D:5 Edmund


Innate Abilities, Weirdness & Mutations

You have sharp claws.
You have razor-sharp teeth.
You have supernaturally acute eyesight. (SInv)
You cover ground quickly. (Speed+)
You are covered in thick fur. (AC +2)
Your paws help you pounce on unaware monsters.
You are incapable of wielding weapons or throwing items.
You cannot wear armour.
You gain extra lives every three experience levels.


Message History

The giant cockroach bites you.
* * * LOW HITPOINT WARNING * * *
Your wolf bites Edmund.
Unknown command.
You completely miss the giant cockroach.
The giant cockroach is moderately wounded.
Edmund misses you. The grasping roots constrict you.
* * * LOW HITPOINT WARNING * * *
Your cerulean imp barely misses Edmund.
Your wolf barely misses Edmund.
The giant cockroach misses you.
Unknown command.
Unknown command.
You claw the giant cockroach!
You kill the giant cockroach!
Your wolf barely misses Edmund.
Edmund hits you with a +0 flail of protection.
* * * LOW HITPOINT WARNING * * *
The grasping roots constrict you.
* * * LOW HITPOINT WARNING * * *
Unknown command.
Unknown command.
You claw the orc!
You kill the orc!
Your cerulean imp hits Edmund but does no damage.
Your wolf barely misses Edmund.
The grasping roots release their grip on you.
Unknown command.
Unknown command.
Items here: ) ? ††.
You feel a strong urge to attack something.
There is an open door here.
You enter the shallow water.
Moving in this stuff is going to be slow.
You feel your anger nearly subside.
You are no longer berserk.
You are exhausted.
You feel yourself slow down.
Edmund zaps a wand.
The roots erupt in riotous growth!
The grasping roots grab you! The grasping roots constrict you.
You die...

*,,,,,*,,*#.#....†.####r#.# *~~~
*,*,*,*,,,.,########....#.# *~,~
*,,,,,**###** #.####.# *~~~
*,,,,,*,..<###* #.#.##.# *~~~
*,*,*,*,,#....######.#...,* *~~~
*,,,,,***#......@9h#.#.#####*~~~
*,,,,,*,.#...##'##5#........**+*
*,*,*,**.....#~~~#††..#.####*,,,
*,,,,,**.##..#~@~#........# *,,,
*,,,,,**,*##.#~∩~#..#...#.# *,,,
*,*,*,**.....#~~~#..#####,#**,**
*,,,,,**.###.#~~~#..# *,,,*,,,
*,,,,,**,* #.#####.## ***,****
*,*,*,**,* #........*** *,*
*,,,,,**,* #.####....,* *,*
*,,,,,**,* ##* #####.*****,*
*,*,*,**,* *,,,,,,,*


You could see Edmund, a friendly guardian golem (summoned), a friendly wolf
(summoned, sheltered) and a friendly cerulean imp (summoned, sheltered).

Vanquished Creatures
  An orc (D:5)
  A giant cockroach (D:5)
  A hobgoblin (D:2)
3 creatures vanquished.

Vanquished Creatures (collateral kills)
  A black bear (D:4)
  An ice beast (D:4)
  An ogre (D:5)
  2 scorpions (D:5)
  A killer bee (D:5)
  A hound (D:4)
  An orc priest (D:4)
  A jelly (D:4)
  Ijyb (D:5)
  2 iguanas
  An orc wizard (D:3)
  Robin (D:2)
  3 gnolls (D:5)
  12 adders
  A dart slug (D:4)
  7 orcs
  7 ball pythons
  5 bats
  7 endoplasms
  4 giant cockroaches
  8 goblins
  8 hobgoblins
  3 jackals (D:3)
  3 frilled lizards
  6 kobolds
  2 rats
90 creatures vanquished.

Vanquished Creatures (others)
  Grinder (D:4)
  Prince Ribbit (D:5)
  5 killer bees (D:5)
  5 fungi
  2 plants (D:3)
14 creatures vanquished.

Grand Total: 107 creatures vanquished

Notes
Turn   | Place    | Note
-------+----------+-------------------------------------------
     0 | D:1      | NinjaNoafa the Felid Summoner began the quest for the Orb.
     0 | D:1      | Reached XP level 1. HP: 7/7 MP: 4/4
   193 | D:1      | Reached XP level 2. HP: 11/11 MP: 4/6
   196 | D:1      | Learned a level 2 spell: Call Imp
   915 | D:2      | Noticed Robin
   935 | D:2      | Killed Robin
   936 | D:2      | Reached XP level 3. HP: 14/14 MP: 2/8
   940 | D:2      | Learned a level 3 spell: Call Canine Familiar
  1310 | D:2      | Reached XP level 4. HP: 18/18 MP: 4/9
  1887 | D:3      | Reached skill level 5 in Summonings
  2120 | D:3      | Found a faded altar of an unknown god.
  2170 | D:3      | Found a hazy altar of Hepliaklqana.
  2496 | D:3      | Reached XP level 5. HP: 21/21 MP: 4/11
  2516 | D:3      | Learned a level 3 spell: Summon Guardian Golem
  2713 | D:4      | Noticed a black bear
  2721 | D:4      | Reached skill level 1 in Hexes
  2733 | D:4      | Killed a black bear
  2734 | D:4      | Gained mutation: You are covered in thick fur. (AC +2)
                  | [Felid growth]
  2734 | D:4      | Reached XP level 6. HP: 24/24 MP: 2/13
  2976 | D:4      | Noticed Grinder
  3007 | D:4      | Paralysed by Grinder for 3 turns
  3039 | D:4      | Paralysed by Grinder for 5 turns
  3046 | D:4      | Killed Grinder
  3047 | D:4      | Reached skill level 6 in Summonings
  3087 | D:4      | Noticed an ice beast
  3095 | D:4      | Killed an ice beast
  3096 | D:4      | Reached XP level 7. HP: 22/27 MP: 4/15
  3243 | D:4      | Reached skill level 5 in Spellcasting
  3243 | D:4      | Reached skill level 5 in Hexes
  3455 | D:5      | Entered Level 5 of the Dungeon
  3455 | D:5      | Found a blossoming altar of Fedhas.
  3532 | D:5      | Noticed Prince Ribbit
  3540 | D:5      | Killed Prince Ribbit
  3541 | D:5      | Reached skill level 7 in Summonings
  3549 | D:5      | Noticed Ijyb
  3667 | D:5      | Reached XP level 8. HP: 16/31 MP: 2/17
  3673 | D:5      | Slain by a killer bee
  3674 | D:5      | Reached XP level 7. HP: -1/27 MP: 2/16
  3725 | D:5      | Killed Ijyb
  3870 | D:5      | Succumbed to a killer bee's poison
  3871 | D:5      | Reached XP level 6. HP: 0/24 MP: 10/16
  3911 | D:5      | Reached skill level 1 in Fighting
  3952 | D:5      | Reached XP level 7. HP: 30/30 MP: 7/17
  3972 | D:5      | Found a glowing drain.
  3972 | D:5      | Noticed Edmund
  4001 | D:5      | Constricted to death by Edmund

Illustrated notes

Levels and vault maps discovered:
D:1:      matt_arrival_refuge, layout_loops_ring
D:2:      layout_basic, kennysheep_flooded_box, uniq_robin
D:3:      layout_loops_ring, mainiacjoe_overflow_24_doors,
          shapermc_ecumenical_altar_acropolis
D:4:      layout_loops_ring, dreamdust_mushroom_princess,
          hangedman_decor_peaks_small, uniq_grinder
D:5:      layout_basic, fedhas_bush_and_centaur_altar, gup_sewer_entry_glass,
          ebering_ghost_sewer_f, roderic_roman_lattice, columned_hall_lemuel,
          amcnicky_mini_rare_corridor_liquid, kennysheep_generic_room_13,
          uniq_prince_ribbit1, uniq_edmund, uniq_ijyb

Skill      XL: |  1  2  3  4  5  6  7 |
---------------+----------------------+-----
Spellcasting   | 3 4 6 |  6.4
Summonings     | 5 6 7 |  7.9
Hexes          | 2 4 5 |  5.0
Fighting       | 2 |  2.3
Dodging        | |  2.6
Stealth        | |  2.6

Action                     |  1- 3 |  4- 6 |  7- 9 || total
---------------------------+-------+-------+-------++-------
  Melee: Unarmed           |     6 |     2 |     6 ||    14
   Cast: Summon Small Mamm |    21 |    19 |    11 ||    51
         Call Imp          |    11 |    14 |     6 ||    31
         Call Canine Famil |     3 |    13 |     9 ||    25
         Summon Guardian G |       |     5 |    10 ||    15
    Use: Scroll            |       |     5 |     2 ||     7
         Potion            |       |       |     3 ||     3
 Armour: Skin              |     2 |     1 |     3 ||     6
  Dodge: Dodged            |    30 |    23 |    41 ||    94

Table legend: (Time is in decaauts)
 A = Elapsed time spent in this place.
 B = Non-inter-level travel time spent in this place.
 C = Inter-level travel time spent in this place.
 D = Time resting spent in this place.
 E = Time spent auto-exploring this place.
 F = Levels seen in this place.
 G = Mean time per level.
                   A        B        C        D        E       F      G
               +--------+--------+--------+--------+--------+-----+--------+
         Total |   3352 |   3141 |    211 |     12 |   1997 |   5 |  670.4 |
       Dungeon |   3352 |   3141 |    211 |     12 |   1997 |   5 |  670.4 |
               +--------+--------+--------+--------+--------+-----+--------+

Top non-repeatable levels by time:
     D:2: 844 daAuts
     D:4: 703 daAuts
     D:1: 695 daAuts
     D:3: 641 daAuts
     D:5: 468 daAuts
